 Dungeon Crawl Stone Soup version 0.31-a0-150-g89dc3ad700 (webtiles) character file.

Game seed: 9462383289608638473

76 lunkers the Cudgeller (level 4, -1/20 (36) HPs)
             Began as a Meteoran Reaver on June 9, 2023.
             Slain by a kobold
             ... wielding a +0 whip
              (2 damage)
             ... on level 2 of the Dungeon.
             The game lasted 00:02:13 (593 turns).

lunkers the Cudgeller (Meteoran Reaver)              Turns: 593, Time: 00:02:13

HP:   -1/20 (36)    AC:  6    Str: 13    XL:     4   Next: 87%
MP:   9/9           EV:  9    Int: 22    God:
Gold: 30            SH:  0    Dex: 13    Spells: 7/8 levels left

rFire   . . .        a - +0 morningstar
rCold   . . .        (no shield)
rNeg    . . .        i - +0 scale mail
rPois   .            (no helmet)
rElec   .            (no cloak)
rCorr   .            (no gloves)
SInv    .            (no boots)
Will    .....        (no amulet) Stlth
                     f - +6 ring of intelligence
HPRegen 0.23/turn    (no ring)
MPRegen 0.11/turn

%: no passive effects
@: glowing, very heavily drained
A: sense surroundings 1, otherworldly, glowing, explore regen
a: no special abilities


You were on level 2 of the Dungeon.
You visited 1 branch of the dungeon, and saw 2 of its levels.

You collected 30 gold pieces.

Inventory:

Hand Weapons
 a - a +0 morningstar (weapon)
 g - a +0 mace
Armour
 b - a +0 leather armour
 i - a +0 scale mail (worn)
Jewellery
 f - a +6 ring of intelligence (left hand)
Wands
 k - a wand of mindburst (14)
Scrolls
 d - a scroll of butterflies {unknown}
Potions
 c - 2 potions of brilliance {unknown}
 e - a potion of attraction {unknown}
 h - a potion of cancellation {unknown}
 j - a potion of degeneration {unknown}


   Skills:
 - Level 2.1 Fighting
 + Level 6.6 Maces & Flails
 - Level 2.4 Dodging
 - Level 2.6 Spellcasting
 - Level 3.6 Conjurations


You had 7 spell levels left.
You knew the following spells:

 Your Spells              Type           Power      Damage    Failure   Level
p - Kiss of Death         Conj/Necr      40%        2d8       30%         1

Your spell library contained the following spells:

 Spells                   Type           Power      Damage    Failure   Level
 Momentum Strike          Conj/Tloc      20%        3d8       43%         2
 Hailstorm                Conj/Ice       10%        3d5       67%         3


Dungeon Overview and Level Annotations

Branches:
Dungeon (2/15) Zot: 591

Altars:
Fedhas


Innate Abilities, Weirdness & Mutations

You passively map a small area around you.
You are easily found by Zot.
You glow in the dark.
You regain HP and MP as you explore.


Message History

* * * LOW HITPOINT WARNING * * *
You are poisoned.
The adder poisons you!
You barely miss the adder.
The adder is moderately wounded.
You feel sick.
The adder bites you but does no damage. x2
Unknown command.
You barely miss the adder. Your punch misses the adder.
The adder is moderately wounded.
You feel sick. The kobold hits you with a +0 whip.
* * * LOW HITPOINT WARNING * * *
The adder closely misses you. The kobold barely misses you.
The kobold attacks as you move away! The kobold hits you with a +0 whip.
* * * LOW HITPOINT WARNING * * *
You feel sick.
The kobold throws a stone.
The stone barely misses you. The adder bites you but does no damage.
You feel sick.
You hit the adder but do no damage.
The adder is moderately wounded.
You feel sick. The adder barely misses you. The adder bites you.
* * * LOW HITPOINT WARNING * * *
Casting: Kiss of Death (safe; 30% risk of failure)
Confirm with . or Enter, or press ? or * to list all spells.
Aiming: Kiss of Death (safe; 30% risk of failure)
Press: ? - help, Shift-Dir - straight line, f - adder
Aim: an adder (moderately wounded, 100% to hit)
The negative energy hits the adder.
The adder is drained!
You kill the adder!
You feel drained.
You feel sick.
You are no longer poisoned.
Unknown command.
You hit the kobold but do no damage. The kobold hits you but does no damage.
You hit the kobold but do no damage. The kobold hits you with a +0 rapier.
* * * LOW HITPOINT WARNING * * *
You puncture the kobold!
You kill the kobold!
You hit the kobold.
The kobold is heavily wounded.
The kobold hits you with a +0 whip.
You die...

* +###....#....#* ,
, .####
,........#.##...# *
#... ,, (.........#
##.# #.##
........### * # *
#.#. ####....# *, #,
#.#. * ####.# *
#.######.#.
#..###### *
#.......... *
#.......# #...##.##
#..####@# ##
.,#...... * #..#
##K###..# #.##.## ,
#..# #.....# ,
#.##.# ,** #..#
#..##.# #.##.# ,,
.........,... #.##.#
, ,*
*##........,...#
**#.##.# *
##.#...........,
#.##.# * #
#.#####..#.##.#.##.#
* * #. ..#.##.#.# *


You could see a kobold.

Vanquished Creatures
  An orc priest (D:2)
  2 adders (D:2)
  A worm (D:2)
  2 orcs (D:2)
  2 ball pythons
  A giant cockroach (D:1)
  3 goblins
  A hobgoblin (D:1)
  A quokka (D:1)
  7 bats
  3 kobolds
  2 rats (D:1)
26 creatures vanquished.

Notes
Turn   | Place    | Note
-------+----------+-------------------------------------------
     0 | D:1      | lunkers the Meteoran Reaver began the quest for the Orb.
     0 | D:1      | Reached XP level 1. HP: 17/17 MP: 5/5
    78 | D:1      | Reached XP level 2. HP: 24/24 MP: 6/6
   233 | D:1      | Reached skill level 5 in Maces & Flails
   348 | D:2      | Reached XP level 3. HP: 2/29 MP: 5/8
   348 | D:2      | Reached XP level 4. HP: 3/36 MP: 5/9
   349 | D:2      | Reached skill level 6 in Maces & Flails
   524 | D:2      | Found a blossoming altar of Fedhas.
   591 | D:2      | HP: 1/20 [kobold/+0 rapier (3)]
   593 | D:2      | Slain by a kobold

Illustrated notes

Levels and vault maps discovered:
D:1:      heliophobic_arrival_battle_scene, layout_basic
D:2:      layout_basic, basic_altar

Skill      XL: |  1  2  3  4 |
---------------+-------------+-----
Maces & Flails | 5 6 |  6.6
Fighting       | |  2.1
Dodging        | |  2.4
Spellcasting   | |  2.6
Conjurations   | |  3.6

Action                     |  1- 3 |  4- 6 || total
---------------------------+-------+-------++-------
  Melee: Mace              |    33 |       ||    33
         Morningstar       |       |    58 ||    58
   Cast: Kiss of Death     |     1 |     3 ||     4
 Armour: Leather armour    |    13 |       ||    13
         Scale mail        |       |    47 ||    47
  Dodge: Dodged            |    23 |    37 ||    60

Table legend: (Time is in decaauts)
 A = Elapsed time spent in this place.
 B = Non-inter-level travel time spent in this place.
 C = Inter-level travel time spent in this place.
 D = Time resting spent in this place.
 E = Time spent auto-exploring this place.
 F = Levels seen in this place.
 G = Mean time per level.
                   A        B        C        D        E       F      G
               +--------+--------+--------+--------+--------+-----+--------+
         Total |    607 |    603 |      4 |      0 |    377 |   2 |  303.5 |
       Dungeon |    607 |    603 |      4 |      0 |    377 |   2 |  303.5 |
               +--------+--------+--------+--------+--------+-----+--------+

Top non-repeatable levels by time:
     D:2: 330 daAuts
     D:1: 277 daAuts
